Map: 2000 애트모스피어 - 래더

Players

Classic

  • Race: Protoss Protoss
  • League: Master

Dream - Winner!

  • Race: Terran Terran
  • League: Master

VOD

Have the link to the VOD?

Description

Time

  • Played on: Oct. 21, 2021, 11:02 a.m.
  • Length: 10:11
Show
View Real Time Build Order
Export as new Build Order

Classic Protoss 

Build Orders: 1 Gate Expand, Oracle Opening, Zealot Archon 

Get SALT Encoding   

  12  0:00  Probe  
  13  0:12  Probe  
  14  0:17  Pylon  
  14  0:24  Probe  
  15  0:35  Gateway  
  15  0:37  Probe (Chrono Boost)  
  16  0:46  Probe (Chrono Boost), Assimilator  
  17  0:51  Probe (Chrono Boost)  
  18  1:03  Probe  
  19  1:15  Probe  
  20  1:22  Cybernetics Core  
  20  1:32  Nexus  
  20  1:38  Pylon  
  20  1:41  Probe  
  20  1:46  Assimilator  
  21  1:53  Probe  
  22  1:55  Stalker (Chrono Boost)  
  22  2:00  Warp Gate  
  24  2:05  Probe  
  25  2:17  Probe  
  25  2:18  Adept  
  28  2:29  Probe  
  29  2:34  Stargate  
  29  2:41  Probe (Chrono Boost)  
  29  2:43  Probe (Chrono Boost)  
  31  2:48  Stalker  
  34  2:52  Probe (Chrono Boost)  
  34  2:53  Probe (Chrono Boost)  
  34  2:57  Probe (Chrono Boost)  
  34  2:58  Probe (Chrono Boost)  
  37  3:08  Probe, Pylon  
  37  3:10  Probe  
  39  3:20  Oracle (Chrono Boost)  
  39  3:22  Probe x2  
  43  3:34  Probe x2  
  43  3:36  Gateway x2  
  45  3:44  Pylon  
  45  3:46  Probe x2  
  45  3:47  Oracle (Chrono Boost)  
  50  3:55  Assimilator  
  50  3:58  Probe x2  
  51  4:10  Probe  
  52  4:17  Phoenix  
  52  4:21  Nexus  
  51  4:25  Probe (Chrono Boost), Pylon  
  51  4:26  Probe (Chrono Boost)  
  53  4:32  Twilight Council  
  53  4:33  Assimilator  
  53  4:37  Probe (Chrono Boost)  
  55  4:41  Pylon  
  55  4:43  Probe (Chrono Boost)  
  55  4:46  Probe (Chrono Boost)  
  55  4:50  Probe (Chrono Boost)  
  57  4:54  Probe  
  57  4:55  Robotics Facility  
  58  5:02  Probe  
  58  5:06  Probe  
  60  5:07  Pylon  
  60  5:10  Charge, Gateway  
  60  5:13  Templar Archives  
  60  5:15  Probe  
  60  5:18  Probe  
  60  5:20  Gateway x2  
  62  5:30  Probe (Chrono Boost)  
  62  5:33  Probe (Chrono Boost)  
  64  5:36  Probe (Chrono Boost)  
  64  5:39  Gateway x2  
  67  5:45  Probe x2 (Chrono Boost), Psionic Storm  
  67  5:46  Probe (Chrono Boost)  
  68  5:50  Probe (Chrono Boost)  
  68  5:52  Probe  
  68  5:54  Probe  
  75  6:00  Pylon, Warp Prism (Chrono Boost)  
  75  6:03  High Templar x2  
  75  6:04  Zealot  
  79  6:06  Probe x3  
  79  6:09  High Templar  
  84  6:13  Forge  
  84  6:15  Zealot x2  
  88  6:24  High Templar  
  90  6:26  Probe x3, Assimilator  
  90  6:27  Pylon  
  93  6:33  Assimilator  
  93  6:36  Zealot x3, High Templar  
  93  6:37  Zealot  
  93  6:39  Pylon x2  
  103  6:46  Zealot  
  105  6:50  High Templar  
  107  6:54  Pylon  
  107  6:55  Pylon  
  107  6:59  Zealot x5  
  117  7:04  Protoss Ground Weapons Level 1 (Chrono Boost)  
  117  7:08  Zealot x2  
  119  7:13  Observer  
  122  7:21  High Templar x2  
  122  7:22  Zealot x4  
  134  7:26  Pylon  
  134  7:27  Archon  
  134  7:29  Zealot x2  
  137  7:43  Nexus  
  137  7:45  Pylon  
  135  7:57  Zealot  
  135  7:58  Archon  
  135  8:04  Immortal (Chrono Boost)  
  135  8:05  Zealot x5  
  133  8:06  Zealot  
  129  8:15  Robotics Facility  
  129  8:18  Robotics Bay  
  93  8:32  Zealot  
  93  8:33  Zealot x4, High Templar x2  
  93  8:34  Zealot  
  103  8:41  Immortal (Chrono Boost)  
  101  8:42  Archon  
  93  8:56  Zealot x6  
  93  9:00  Gateway  
  103  9:03  Gateway  
  103  9:06  Colossus (Chrono Boost)  
  103  9:07  Zealot x2  
  103  9:09  Colossus (Chrono Boost)  
  105  9:17  Zealot x2  
  105  9:18  Zealot x2  
  105  9:19  High Templar  
  105  9:21  High Templar  
  115  9:25  Archon  
  115  9:27  Shield Battery  
  115  9:28  High Templar x2  
  119  9:32  Archon  
  113  9:38  Zealot  
  113  9:39  Zealot x3  
  113  9:43  Zealot  
  99  9:53  Zealot x2  
  99  9:59  Zealot  
  90  10:00  Zealot x2  
  83  10:07  Zealot x3  
Show
View Real Time Build Order
Export as new Build Order

Dream Terran - Winner!

Build Orders: Reaper Expand 

Get SALT Encoding   

  12  0:00  SCV  
  13  0:12  SCV  
  14  0:17  Supply Depot  
  14  0:24  SCV  
  15  0:38  SCV  
  15  0:39  Barracks  
  16  0:43  Refinery  
  16  0:50  SCV  
  17  1:02  SCV  
  18  1:14  SCV  
  19  1:26  Reaper, Orbital Command  
  20  1:40  Command Center  
  20  1:52  SCV  
  21  1:55  Supply Depot  
  21  2:01  Bunker  
  21  2:02  Barracks Reactor  
  21  2:06  SCV  
  22  2:18  SCV  
  22  2:21  Factory  
  23  2:30  SCV  
  23  2:38  Marine x2  
  23  2:39  Refinery, Bunker  
  23  2:42  SCV  
  26  2:54  SCV  
  26  2:56  Marine x2  
  29  3:04  Widow Mine  
  29  3:05  Starport  
  31  3:07  SCV  
  32  3:13  Orbital Command  
  32  3:19  Marine x2, SCV  
  35  3:31  SCV, Widow Mine  
  38  3:37  Marine  
  38  3:38  Marine  
  38  3:40  SCV  
  41  3:42  Medivac, Supply Depot  
  41  3:43  SCV  
  44  3:53  Factory Tech Lab  
  44  3:54  SCV  
  44  3:55  SCV  
  46  4:01  Supply Depot  
  46  4:03  Marine x2  
  48  4:11  SCV x2  
  49  4:21  Marine x2  
  51  4:26  SCV x2, Command Center  
  53  4:36  Barracks  
  54  4:38  Barracks, SCV  
  54  4:39  Engineering Bay  
  54  4:40  SCV  
  55  4:47  Supply Depot  
  55  4:48  Engineering Bay  
  55  4:51  SCV  
  55  4:52  Marine, SCV  
  58  4:53  Marine  
  58  4:58  Starport Tech Lab, Factory Tech Lab  
  58  4:59  Starport Reactor  
  59  5:03  SCV  
  59  5:04  SCV  
  61  5:09  Terran Infantry Weapons Level 1, Refinery  
  61  5:13  Refinery  
  61  5:15  Marine, Terran Infantry Armor Level 1  
  61  5:16  Marine  
  61  5:17  SCV x2  
  65  5:22  Siege Tank  
  65  5:27  Marine, Stimpack  
  69  5:30  Barracks Tech Lab  
  69  5:31  SCV  
  69  5:35  Supply Depot  
  70  5:37  SCV  
  70  5:38  Supply Depot  
  71  5:43  Orbital Command  
  71  5:44  SCV  
  71  5:45  Marine  
  71  5:47  Marine  
  71  5:49  Marine  
  76  5:50  Marine, SCV  
  76  5:52  Combat Shield  
  77  6:02  Medivac x2, SCV x2  
  83  6:05  Marine x2  
  83  6:07  Marine  
  86  6:15  SCV  
  86  6:16  Barracks  
  86  6:17  Barracks  
  88  6:18  SCV  
  88  6:23  Marine x2, Factory Reactor  
  88  6:24  Marine x2  
  92  6:30  SCV x2  
  92  6:32  Supply Depot  
  94  6:34  Orbital Command  
  94  6:41  Marine  
  94  6:42  Marauder, SCV x2  
  94  6:43  Marauder  
  101  6:49  Supply Depot x2  
  101  6:53  Marine, Medivac x2  
  106  6:54  SCV  
  106  6:55  SCV  
  106  6:59  SCV  
  109  7:04  Concussive Shells  
  109  7:05  Supply Depot, Armory  
  109  7:07  Barracks Reactor  
  109  7:11  Marauder, SCV x3, Widow Mine x2  
  109  7:12  Supply Depot  
  109  7:14  Marine, Marauder x2  
  123  7:16  Marine  
  124  7:23  SCV  
  124  7:25  Supply Depot  
  124  7:26  Medivac, SCV  
  124  7:27  SCV  
  124  7:29  Supply Depot  
  129  7:30  Supply Depot  
  129  7:33  Marine  
  129  7:35  SCV  
  131  7:37  Marauder  
  131  7:38  Marine, Marauder x2  
  131  7:42  SCV  
  135  7:52  Widow Mine x2  
  135  7:54  Marine  
  135  7:55  Marine  
  135  7:56  SCV x2  
  115  7:59  Marauder x2  
  115  8:02  Marine, Marauder  
  115  8:03  Marine  
  115  8:05  SCV  
  116  8:08  SCV  
  116  8:12  Marine x2  
  115  8:18  SCV x2  
  111  8:20  Marauder x2, SCV  
  111  8:22  Marine  
  111  8:24  Marauder  
  109  8:30  SCV x2  
  109  8:32  Marine, SCV  
  109  8:33  Marine  
  112  8:37  Marine  
  112  8:39  Widow Mine  
  112  8:40  Marine  
  114  8:42  Marauder x2  
  114  8:44  SCV  
  114  8:45  Marauder  
  120  8:50  Marine  
  120  8:51  SCV x2  
  119  8:56  SCV  
  119  9:00  Medivac  
  119  9:01  Medivac  
  123  9:03  Marauder  
  123  9:05  Marauder  
  123  9:06  Marine x2, Marauder  
  123  9:08  Marine x2  
  125  9:16  SCV x2  
  122  9:18  Widow Mine x2  
  122  9:20  SCV  
  127  9:24  Marine x2, Marauder  
  127  9:28  SCV  
  130  9:34  Marine  
  130  9:35  Marine x3  
  130  9:36  SCV  
  130  9:37  SCV  
  136  9:40  SCV  
  136  9:42  Marine x2  
  132  9:46  Marauder  
  132  9:49  SCV x2  
  132  9:52  Marine x2  
  135  10:04  Refinery  
  135  10:05  Refinery  
Tags
 
Add a new tag
Caveats
  • Supply blocks, unpowered buildings, or Contaminate may cause inaccurate times.
  • Supply counts are checked every 10 seconds.